 Dungeon Crawl Stone Soup version 0.29.1-15-g9cfb28693d (webtiles) character file.

Game seed: 15085151179334560650

581 Ihaveafatcat the Covered (level 7, -4/44 HPs)
             Began as a Tengu Fighter on Mar 29, 2023.
             Was an Initiate of Trog.
             Slain by a gnoll
             ... wielding a +0 halberd
             ... led by a gnoll bouda
              (12 damage)
             ... on level 4 of the Dungeon.
             The game lasted 00:07:57 (3108 turns).

Ihaveafatcat the Covered (Tengu Fighter)            Turns: 3108, Time: 00:07:58

Health: -4/44      AC:  7    Str: 18    XL:     7   Next: 36%
Magic:  8/8        EV: 10    Int:  9    God:    Trog [......]
Gold:   122        SH:  5    Dex: 13    Spells: 6/6 levels left

rFire   + . .      SeeInvis .   a - +0 war axe
rCold   x . .      Faith    .   c - +0 buckler
rNeg    . . .      Spirit   .   b - +0 scale mail
rPois   .          Reflect  .   (helmet restricted)
rElec   .          Harm     .   (no cloak)
rCorr   .          Rampage  .   (no gloves)
Will    .....                   (boots unavailable)
Stlth   ..........              (no amulet)
HPRegen 0.14/turn               m - ring of fire
MPRegen 0.11/turn               (no ring)

@: mighty, flying quickly and evasively, quick
A: beak, talons 3, nimble flight
a: Renounce Religion


You were on level 4 of the Dungeon.
You worshipped Trog.
Trog was noncommittal.
You visited 1 branch of the dungeon, and saw 4 of its levels.

You collected 122 gold pieces.

Inventory:

Hand Weapons
 a - a +0 war axe (weapon)
 q - a +0 scythe
Armour
 b - a +0 scale mail (worn)
 c - a +0 buckler (worn)
 k - a +0 helmet
Jewellery
 m - a ring of fire (left hand)
Scrolls
 e - a scroll of noise {unknown}
 h - 2 scrolls of fear
 i - a scroll of teleportation
 j - a scroll of identify
Potions
 f - a potion of magic
 g - 4 potions of curing
 n - a potion of heal wounds
 o - 2 potions of cancellation
 t - a potion of degeneration


   Skills:
 + Level 4.9 Fighting
 + Level 4.6 Axes
 + Level 5.3 Armour
 + Level 4.8 Shields


You had 6 spell levels left.
You didn't know any spells.
Your spell library contained the following spells:

 Spells                   Type           Power      Damage    Failure   Level
 Summon Forest            Summ/Tloc      0%         N/A       100%        5
 Eringya's Noxious Bog    Tmut/Pois      0%         N/A       100%        6
 Summon Hydra             Summ           0%         N/A       100%        7


Dungeon Overview and Level Annotations

Branches:
Dungeon (4/15)
 Temple: D:4-7

Altars:
Cheibriados
Makhleb
Sif Muna
Trog

Annotations:
D:4 Pikel


Innate Abilities, Weirdness & Mutations

You have a beak for a mouth.
You have claws for feet.
Your magical nature lets you fly swiftly and evasively.


Message History

The gnoll hits you from afar with a +0 spear.
You hit the gnoll bouda. Your kick misses the gnoll bouda.
The gnoll bouda is severely wounded.
Your attacks no longer feel as feeble.
You block the gnoll bouda's attack. The gnoll barely misses you.
You hit the gnoll bouda.
You kill the gnoll bouda!
Trog accepts your kill.
The gnoll is no longer moving quickly.
The gnoll hits you from afar with a +0 spear.
* * * LOW HITPOINT WARNING * * *
You block the gnoll's attack.
The gnoll hits you from afar with a +0 halberd.
* * * LOW HITPOINT WARNING * * *
Items here: )) [ †.
You barely miss the gnoll. You claw the gnoll!
You kill the gnoll!
Trog accepts your kill. The gnoll barely misses you. The gnoll misses you.
You closely miss the gnoll. You block the gnoll's attack.
The gnoll hits you but does no damage.
You hit the gnoll.
The gnoll is heavily wounded.
You block the gnoll's attack. The gnoll hits you but does no damage.
You block the gnoll's attack.
You slash the gnoll!
You kill the gnoll!
Trog accepts your kill. You block the gnoll's attack.
The adder barely misses you.
You slash the adder!
You kill the adder!
Trog accepts your kill.
The gnoll hits you from afar with a +0 halberd.
* * * LOW HITPOINT WARNING * * *
The gnoll hits you with a +0 halberd.
* * * LOW HITPOINT WARNING * * *
Things that are here:
a +0 club; a +0 spear The gnoll hits you with a +0 halberd!
You die...

#.# ###.####### ..#
.........<# #.#
##....#.### #.#
#.#.##.# #.#
#.#.##.### #.#
#.#......# #.#
#......#.####.#####.#
#####.....>..))@....#
#.#########g..### #.#
#...# #.# #...# #.#
#...# #.# #...# #.#
#...# #.. #...#


You could see a gnoll.

Vanquished Creatures
  Sigmund (D:2)
  A necrophage (D:3)
  2 hounds (D:4)
  A gnoll bouda (D:4)
  Natasha (thrice) (D:2)
  6 gnolls
  6 adders
  2 worms
  2 dart slugs
  An orc (D:3)
  8 bats
  7 endoplasms
  4 giant cockroaches
  8 goblins
  9 hobgoblins
  2 jackals (D:2)
  3 quokkas
  5 ball pythons
  5 frilled lizards
  6 kobolds
  6 rats
88 creatures vanquished.

Notes
Turn   | Place    | Note
-------+----------+-------------------------------------------
     0 | D:1      | Ihaveafatcat the Tengu Fighter began the quest for the Orb.
     0 | D:1      | Reached XP level 1. HP: 14/14 MP: 2/2
   124 | D:1      | Reached XP level 2. HP: 19/19 MP: 3/3
   742 | D:1      | Reached XP level 3. HP: 23/23 MP: 4/4
  1228 | D:2      | Reached XP level 4. HP: 28/28 MP: 5/5
  1230 | D:2      | Noticed Natasha
  1238 | D:2      | Killed Natasha
  1239 | D:2      | Reached skill level 4 in Armour
  1491 | D:2      | Noticed Natasha
  1499 | D:2      | Killed Natasha
  1500 | D:2      | Gained mutation: Your magical nature lets you fly swiftly
                  | and evasively. [Tengu growth]
  1500 | D:2      | Reached XP level 5. HP: 32/33 MP: 6/6
  1511 | D:2      | Noticed Sigmund
  1520 | D:2      | Killed Sigmund
  1521 | D:2      | Reached XP level 6. HP: 8/38 MP: 7/7
  1899 | D:2      | Noticed Natasha
  1904 | D:2      | Killed Natasha
  2488 | D:3      | Reached skill level 5 in Armour
  2592 | D:3      | Reached XP level 7. HP: 44/44 MP: 8/8
  2597 | D:3      | Identified the +1 pair of boots of Imucri {Harm Will+}
  2649 | D:3      | Found a burning altar of Makhleb.
  2665 | D:3      | Found a snail-covered altar of Cheibriados.
  2667 | D:3      | Found a shimmering blue altar of Sif Muna.
  2668 | D:3      | Found a bloodstained altar of Trog.
  2829 | D:3      | Became a worshipper of Trog the Wrathful
  2924 | D:4      | Noticed Pikel
  3108 | D:4      | Slain by a gnoll

Illustrated notes

Levels and vault maps discovered:
D:1:      wheals_arrival_shading, layout_loops_cross, grunt_decor_resistance,
          minmay_stone_trees_large
D:2:      minmay_evil_eye, layout_basic, uniq_natasha, uniq_sigmund
D:3:      kennysheep_big_flooded_room, layout_rooms,
          mainiacjoe_overflow_alcove_3
D:4:      layout_loops_ring, serial_co_window_serial,
          co_window_of_opportunity_a, co_window_of_opportunity_a,
          co_window_paths_b, co_window_paths_b, co_window_of_opportunity_a,
          co_window_paths_c, co_window_unsneaky_path_e,
          co_window_of_opportunity_b, co_window_unsneaky_path_c,
          co_window_broadway_b, co_window_paths_e, co_window_4corner_a,
          glass_columns_b, glass_columns_a, glass_columns_a, uniq_grinder,
          uniq_blork_the_orc, uniq_robin, uniq_pikel

Skill      XL: |  1  2  3  4  5  6 |
---------------+-------------------+-----
Axes           | 3 4 |  4.6
Armour         | 4 5 |  5.3
Fighting       | 4 |  4.9
Shields        | 4 |  4.8

Action                   |  1- 3 |  4- 6 |  7- 9 || total
-------------------------+-------+-------+-------++-------
Melee: War axe           |    74 |    79 |    52 ||   205
       Kick              |    15 |    11 |    14 ||    40
       Peck              |     8 |     8 |     5 ||    21
  Use: Scroll            |       |     8 |       ||     8
       Potion            |       |     6 |     2 ||     8
Armor: Scale mail        |    32 |    24 |    20 ||    76
Dodge: Dodged            |    27 |    35 |    24 ||    86
Block: Buckler           |    15 |    24 |    11 ||    50
